 Dungeon Crawl Stone Soup version 0.29-a0-219-g0a02b1cf4f (webtiles) character file.

Game seed: 8960833725632564230

961 vineage the Skirmisher (level 8, -7/53 HPs)
             Began as a Gargoyle Gladiator on Feb 25, 2022.
             Was a Believer of Okawaru.
             Mangled by an ogre
             ... wielding a +0 giant club
              (11 damage)
             ... on level 5 of the Dungeon.
             The game lasted 00:04:33 (4713 turns).

vineage the Skirmisher (Gargoyle Gladiator)         Turns: 4713, Time: 00:04:33

Health: -7/53      AC: 19    Str: 21    XL:     8   Next: 15%
Magic:  6/8        EV: 10    Int:  8    God:    Okawaru [**....]
Gold:   152        SH:  9    Dex: 11    Spells: 7/7 levels left

rFire   x . .      SeeInvis .   a - +1 flail
rCold   + + .      Faith    .   p - +0 kite shield
rNeg    + . .      Spirit   .   j - +0 ice dragon scales
rPois   ∞          Reflect  .   c - +0 helmet
rElec   +          Harm     .   (no cloak)
rCorr   .          Rampage  .   i - +0 pair of gloves
Will    +....                   (no boots)
Stlth   +.........              (no amulet)
HPRegen 0.17/turn               k - ring of willpower
MPRegen 0.11/turn               (no ring)

@: heroic
A: sickness immunity, AC +5, negative energy resistance 1, electricity
resistance, torment resistance 1, petrification resistance
a: Renounce Religion, Heroism


You were on level 5 of the Dungeon.
You worshipped Okawaru.
Okawaru was pleased with you.
You visited 1 branch of the dungeon, and saw 5 of its levels.

You collected 152 gold pieces.

Inventory:

Hand Weapons
 a - a +1 flail (weapon)
Missiles
 d - 3 throwing nets (quivered)
Armour
 c - a +0 helmet (worn)
 i - a +0 pair of gloves (worn)
 j - +0 ice dragon scales (worn)
 p - a +0 kite shield (worn)
Jewellery
 k - a ring of willpower (left hand)
Wands
 e - a wand of iceblast (12)
 n - a wand of flame (20)
Scrolls
 f - a scroll of fear
 m - a scroll of enchant weapon
 r - a scroll of brand weapon {unknown}
Potions
 b - a potion of attraction {unknown}
 g - a potion of lignification {unknown}
 h - a potion of curing
 l - a potion of magic {unknown}
 o - a potion of heal wounds {unknown}
 q - a potion of brilliance {unknown}


   Skills:
 + Level 7.3(12.3) Fighting
 + Level 7.1(12.1) Maces & Flails
 - Level 1.7(6.7) Throwing
 - Level 2.4(7.4) Dodging


You had 7 spell levels left.
You didn't know any spells.
Your spell library contained the following spells:

 Spells                   Type           Power      Damage    Failure   Level
 Sandblast                Erth           0%         2d4       98%         1
 Passwall                 Tmut/Erth      0%         N/A       99%         2
 Conjure Flame            Conj/Fire      0%         6-21      100%        3
 Ignite Poison            Fire/Tmut/Pois 0%         N/A       100%        3
 Stone Arrow              Conj/Erth      0%         3d7       100%        3
 Sticky Flame             Conj/Fire      0%         2d3       100%        4


Dungeon Overview and Level Annotations

Branches:
Dungeon (5/15)             Temple (0/1) D:5

Altars:
Okawaru
Yredelemnul

Shops:
D:1 :(=   D:5 [

Annotations:
D:3 1 runed translucent door


Innate Abilities, Weirdness & Mutations

You are immune to sickness and miasma.
Your stone body is resilient. (AC +5)
You are immune to poison.
You resist negative energy. (rN+)
You are resistant to electric shocks. (rElec)
You are resistant to unholy torment.
You are immune to petrification.


Message History

Something hits you!
You miss something. You barely miss something.
Something hits you but does no damage.
You hit something. Okawaru is honoured by your kill.
Reactivating autopickup.
You feel a bit more experienced. The ogre closely misses you.
Your Fighting skill increases to level 7!
Your Maces & Flails skill increases to level 7!
You have reached level 8!
You feel stronger.
You sock the ogre!
The ogre is moderately wounded.
You block the ogre's attack.
You barely miss the ogre.
The ogre is moderately wounded.
The ogre hits you with a +0 giant club!!
* * * LOW HITPOINT WARNING * * *
You feel better.
You barely miss the ogre.
The ogre is moderately wounded.
The ogre hits you with a +0 giant club!
* * * LOW HITPOINT WARNING * * *
You feel better. You block the ogre's attack.
You gain the combat prowess of a mighty hero.
The ogre closely misses you.
You hit the ogre.
The ogre is heavily wounded.
The ogre hits you with a +0 giant club!
* * * LOW HITPOINT WARNING * * *
You barely miss the ogre.
The ogre is heavily wounded.
You hit the ogre.
The ogre is heavily wounded.
The ogre hits you with a +0 giant club!
* * * LOW HITPOINT WARNING * * *
You sock the ogre!
The ogre is almost dead.
The ogre hits you with a +0 giant club!
You die...

.#....##........#####.#.#
.####.####....#.# #.#.#
.# .# #.##.#.# #.#.# .#
.. #.##...# #.#.########
.# ## #.######
#.#......... .# #.)...#
#.........## #######.###
#########.# ..........#
#######.#@# ...#O#
#####.# ..# ###


You could see an ogre.

Vanquished Creatures
  Sigmund (D:5)
  Duvessa (D:4)
  A centaur (D:5)
  2 phantoms (D:5)
  A bullfrog (D:3)
  Dowan (D:4)
  2 orc priests (D:4)
  2 hounds
  A jelly (D:5)
  An iguana (D:2)
  2 orc wizards (D:4)
  4 adders
  2 worms
  4 dart slugs
  9 orcs
  5 ball pythons
  7 endoplasms
  4 giant cockroaches
  10 goblins
  9 hobgoblins
  3 jackals (D:1)
  6 kobolds
  4 quokkas
  4 bats
  4 frilled lizards
  5 rats
95 creatures vanquished.

Notes
Turn   | Place    | Note
-------+----------+-------------------------------------------
     0 | D:1      | vineage the Gargoyle Gladiator began the quest for the Orb.
     0 | D:1      | Reached XP level 1. HP: 12/12 MP: 1/1
   165 | D:1      | Found Plog's Weapon Emporium.
   176 | D:1      | Reached XP level 2. HP: 14/18 MP: 2/2
   338 | D:1      | Found Vuzak's Jewellery Shoppe.
   518 | D:1      | Found Woenkoej's Book Boutique.
   574 | D:1      | Reached XP level 3. HP: 17/23 MP: 3/3
  1158 | D:2      | Found an iron altar of Okawaru.
  1272 | D:2      | Became a worshipper of Warmaster Okawaru
  1428 | D:2      | Reached XP level 4. HP: 26/28 MP: 4/4
  1954 | D:2      | Found a faded altar of an unknown god.
  2174 | D:3      | Found a runed translucent door.
  2174 | D:3      | Noticed a human
  2175 | D:3      | Found a basalt altar of Yredelemnul.
  2700 | D:3      | Noticed a bullfrog
  2703 | D:3      | Killed a bullfrog
  2704 | D:3      | Reached XP level 5. HP: 34/34 MP: 5/5
  3242 | D:4      | Reached skill level 5 in Maces & Flails
  3242 | D:4      | Reached XP level 6. HP: 37/40 MP: 6/6
  3252 | D:4      | Reached skill level 5 in Fighting
  3273 | D:4      | Reached * piety under Okawaru
  3513 | D:4      | Noticed Duvessa
  3513 | D:4      | Noticed Dowan
  3529 | D:4      | Killed Duvessa
  3534 | D:4      | Killed Dowan
  3535 | D:4      | Reached XP level 7. HP: 29/45 MP: 7/7
  4172 | D:5      | Entered Level 5 of the Dungeon
  4172 | D:5      | Found Zudimuim's Antique Armour Emporium.
  4246 | D:5      | Reached ** piety under Okawaru
  4414 | D:5      | Found a staircase to the Ecumenical Temple.
  4682 | D:5      | Noticed Sigmund
  4703 | D:5      | Killed Sigmund
  4704 | D:5      | Reached XP level 8. HP: 32/53 MP: 8/8
  4713 | D:5      | Mangled by an ogre

Illustrated notes

Levels and vault maps discovered:
D:1:      dpeg_arrival_signposts, layout_basic, serial_shops,
          nicolae_shop_bloodbath_and_beyond, shop, nicolae_diamond_shop,
          chequers_garden, hangedman_abyss_or_decor_stabs
D:2:      layout_rooms, shapermc_ecumenical_altar_ellora, basic_altar,
          minmay_cupped
D:3:      layout_loops_corners, dk_yredelemnul_ordeal
D:4:      layout_loops_ring, feat_on_display, uniq_duvessa
D:5:      layout_basic, minmay_temple_entry_glassed_door, serial_shops,
          nicolae_stop_n_shop_2, uniq_sigmund

Skill      XL: |  1  2  3  4  5  6  7 |
---------------+----------------------+-----
Fighting       | 3 4 5 7 |  7.3
Maces & Flails | 4 5 7 |  7.1
Throwing       | |  1.7
Dodging        | |  2.4

Action                   |  1- 3 |  4- 6 |  7- 9 || total
-------------------------+-------+-------+-------++-------
Melee: Flail             |   122 |   127 |   100 ||   349
       Punch             |     1 |       |       ||     1
Invok: Heroism           |       |     1 |     2 ||     3
  Use: Scroll            |     5 |     2 |     2 ||     9
       Potion            |       |     1 |     2 ||     3
Armor: Leather armour    |    57 |    11 |       ||    68
       Ice dragon scales |       |    45 |    75 ||   120
Dodge: Dodged            |    91 |    64 |    33 ||   188
Block: Kite shield       |       |    12 |    29 ||    41

Table legend: (Time is in decaauts)
 A = Elapsed time spent in this place.
 B = Non-inter-level travel time spent in this place.
 C = Inter-level travel time spent in this place.
 D = Time resting spent in this place.
 E = Time spent auto-exploring this place.
 F = Levels seen in this place.
 G = Mean time per level.
                   A        B        C        D        E       F      G
               +--------+--------+--------+--------+--------+-----+--------+
         Total |   4786 |   4677 |    109 |    392 |   3502 |   5 |  957.2 |
       Dungeon |   4786 |   4677 |    109 |    392 |   3502 |   5 |  957.2 |
               +--------+--------+--------+--------+--------+-----+--------+

Top non-repeatable levels by time:
     D:2: 1129 daAuts
     D:3: 1092 daAuts
     D:1: 1047 daAuts
     D:4: 962 daAuts
     D:5: 555 daAuts
